 Dungeon Crawl Stone Soup version 0.21.1-1-g345015fe64 (webtiles) character file.

135 RaHiT the Sneak (level 4, 0/34 HPs)
             Began as a Vampire Assassin on Mar 25, 2018.
             Slain by a sky beast (6 damage)
             ... on level 2 of the Dungeon.
             The game lasted 00:07:56 (1821 turns).

RaHiT the Sneak (Vampire Assassin)                  Turns: 1821, Time: 00:07:57

Health: 0/34       AC:  0    Str: 10    XL:     4   Next: 96%
Magic:  2/4        EV: 20    Int: 13    God:
Gold:   64         SH:  0    Dex: 21    Spells: 3/3 levels left

rFire    . . .     SeeInvis +   (weapon currently unavailable)
rCold    + . .     Gourm    .   (shield currently unavailable)
rNeg     + + .     Faith    .   (armour currently unavailable)
rPois    +         Spirit   .   (helmet currently unavailable)
rElec    .         Reflect  .   (cloak currently unavailable)
rCorr    .         Harm     .   (gloves currently unavailable)
MR       .....                  (boots currently unavailable)
Stlth    ++++++....             (no amulet)
HPRegen  0.05/turn              (ring currently unavailable)
MPRegen  0.09/turn              (ring currently unavailable)

@: bat-form, flying, regenerating slowly, very quick
A: tiny, fangs 3, see invisible
a: End Transformation


You were on level 2 of the Dungeon.
You were very thirsty.
You were in vampire-bat-form.
You visited 1 branch of the dungeon, and saw 3 of its levels.

You collected 64 gold pieces.

Inventory:

Hand Weapons
 a - a +2 dagger
 b - a +0 blowgun (melded)
 h - a +0 club
Missiles
 f - 2 curare-tipped needles
Armour
 c - a +0 robe (melded)
 d - a +0 cloak (melded)
 p - a +0 pair of gloves (melded)
Jewellery
 j - a cursed ring of ice (melded)
Scrolls
 i - a scroll of magic mapping
 n - a scroll of remove curse {unknown}
 q - a scroll of teleportation {unknown}
 r - 2 scrolls of immolation {unknown}
Potions
 g - 14 potions of blood
 k - a potion of agility
 l - a potion of ambrosia
 m - a potion of flight {unknown}
 o - a potion of haste {unknown}


   Skills:
 + Level 2.3 Fighting
 + Level 3.0 Short Blades
 + Level 2.2 Throwing
 + Level 1.3 Armour
 + Level 2.2 Dodging
 + Level 6.7 Stealth


You had 3 spell levels left.
You didn't know any spells.

Dungeon Overview and Level Annotations

Branches:
Dungeon (3/15)

Altars:
Gozag

Annotations:
D:3 Sigmund


Innate Abilities, Weirdness & Mutations

You heal slowly.
You have razor-sharp teeth.
You have supernaturally acute eyesight. (SInv)
((You can survive without breathing.))


Message History

Aim: a sky beast (lightly wounded)
You shoot a poisoned needle. The poisoned needle hits the sky beast.
The sky beast is poisoned.
The sky beast is lightly wounded.
Firing (i - inventory. (,) - cycle):
e - a poisoned needle (quivered)
Press: ? - help, Shift-Dir - straight line, f/p - sky beast
Aim: a sky beast (moderately wounded, poisoned)
You shoot a poisoned needle.
The poisoned needle barely misses the sky beast.
You fail to use your ability.
Unknown command.
You turn into a vampire bat.
Your +0 blowgun melds into your body.
Your +0 cloak melds into your body.
Your +0 pair of gloves melds into your body.
Your +0 robe melds into your body.
Your cursed ring of ice melds into your body.
The sky beast hits you.
* * * LOW HITPOINT WARNING * * *
The sky beast shocks you.
You die...

#### ...############
..............# ...##########.#
############### ........# #.#
#......§Y...Y.#
........#####.#####.###########.#
#####..........Yb...# #....(. ##
#...#####..###.## #.###.#
.####..........# #.# #.# #(#
......#.#####.## #.########.# #..
..#####......(# #.........(###.#
..# ######..# ##########.##%.#
.## #(.# ### ##.#.#.. .#
#(Y######>#####...#..# .#
#........Y.§.........#


You could see a sky beast.

Vanquished Creatures
  Crazy Yiuf (D:2)
  A bullfrog skeleton (D:2)
  An adder (D:2)
  6 dart slugs
  2 worms (D:2)
  A leopard gecko (D:2)
  7 bats
  3 giant cockroaches (D:1)
  4 goblins
  6 hobgoblins
  4 jackals
  A quokka (D:2)
  4 frilled lizards
  4 kobolds (D:1)
  6 rats
51 creatures vanquished.

Notes
Turn   | Place    | Note
-------+----------+-------------------------------------------
     0 | D:1      | RaHiT the Vampire Assassin began the quest for the Orb.
     0 | D:1      | Reached XP level 1. HP: 16/16 MP: 1/1
   243 | D:1      | Reached XP level 2. HP: 19/22 MP: 2/2
   281 | D:1      | Reached skill level 6 in Stealth
   616 | D:1      | Reached XP level 3. HP: 27/27 MP: 3/3
   842 | D:2      | Found an opulent altar of Gozag.
   865 | D:2      | Reached skill level 1 in Armour
   968 | D:2      | Reached XP level 4. HP: 33/33 MP: 4/4
  1216 | D:2      | Found a runed door.
  1335 | D:2      | Noticed Crazy Yiuf
  1360 | D:2      | Killed Crazy Yiuf
  1667 | D:3      | Noticed Sigmund
  1719 | D:3      | Noticed a sky beast
  1821 | D:2      | Slain by a sky beast

Skill      XL: |  1  2  3  4 |
---------------+-------------+-----
Stealth        | 6 |  6.7
Fighting       | 2 |  2.3
Armour         | 1 |  1.3
Throwing       | 2 |  2.2
Dodging        | 2 |  2.2
Short Blades   | 3 |  3.0

Action                   |  1- 3 |  4- 6 || total
-------------------------+-------+-------++-------
Melee: Dagger            |    93 |    70 ||   163
       Bite              |     7 |     6 ||    13
 Fire: Blowgun           |       |    14 ||    14
 Abil: Bat Form          |       |     3 ||     3
       End Transformatio |       |     2 ||     2
  Use: Scroll            |     1 |     2 ||     3
       Potion            |       |     1 ||     1
 Stab: Sleeping          |     4 |     6 ||    10
       Invisible         |       |     1 ||     1
Armor: Robe              |    25 |    18 ||    43
Dodge: Dodged            |    67 |    53 ||   120
